 Dungeon Crawl Stone Soup version 0.22.0-6-g71bd7aa (webtiles) character file.

79 digijack the Charmwright (level 4, -4/37 HPs)
             Began as a Draconian Skald on Aug 15, 2018.
             Slain by a worm (6 damage)
             ... on level 2 of the Dungeon.
             The game lasted 00:13:16 (1763 turns).

digijack the Charmwright (Draconian Skald)          Turns: 1763, Time: 00:13:17

Health: -4/37      AC:  5    Str: 13    XL:     4   Next: 17%
Magic:  0/7        EV: 12    Int: 14    God:
Gold:   77         SH:  0    Dex: 11    Spells: 3/7 levels left

rFire    . . .     SeeInvis .   a - +0 falchion
rCold    . . .     Gourm    .   (no shield)
rNeg     . . .     Faith    .   (armour unavailable)
rPois    .         Spirit   .   (helmet restricted)
rElec    .         Reflect  .   (no cloak)
rCorr    .         Harm     .   (no gloves)
MR       .....                  (no boots)
Stlth    +.........             (no amulet)
HPRegen  0.12/turn              (no ring)
MPRegen  0.10/turn              (no ring)

@: no status effects
A: unfitting armour, cold-blooded, AC +5
a: no special abilities


You were on level 2 of the Dungeon.
You were not hungry.

You visited 1 branch of the dungeon, and saw 2 of its levels.

You collected 77 gold pieces.

Inventory:

Hand Weapons
 a - a +0 falchion (weapon)
Missiles
 e - 22 stones (quivered)
Scrolls
 d - a scroll of identify
 f - 2 scrolls of amnesia
 g - a scroll of teleportation
Comestibles
 c - 4 rations


   Skills:
 + Level 2.8 Fighting
 + Level 2.6 Long Blades
 - Level 2.4 Dodging
 + Level 2.4 Spellcasting
 + Level 3.1 Charms
 - Level 0.7 Translocations
 + Level 0.6 Transmutations


You had 3 spell levels left.
You knew the following spells:

 Your Spells              Type           Power        Failure   Level  Hunger
a - Infusion              Chrm           ##..         6%          1    #......
b - Shroud of Golubria    Chrm/Tloc      #.........   16%         2    ###....
c - Beastly Appendage     Tmut           #.....       17%         1    #......

Your spell library contained the following spells:

 Spells                   Type           Power        Failure   Level  Hunger
 Regeneration             Chrm/Necr      #.........   34%         3    ###....
 Spider Form              Tmut/Pois      #.........   52%         3    ###....
 Blade Hands              Tmut           #.........   99%         5    ######.
 Ice Form                 Ice/Tmut       #.......     89%         4    #####..
 Sticks to Snakes         Tmut           #.......     26%         2    ###....
 Song of Slaying          Chrm           ##......     10%         2    ###....
 Spectral Weapon          Hex/Chrm       #.......     34%         3    ###....


Dungeon Overview and Level Annotations

Branches:
Dungeon (2/15)

Altars:
Cheibriados
Ru
Sif Muna

Annotations:
D:2 2 transporters


Innate Abilities, Weirdness & Mutations

Your plain brown scales are hard. (AC +5)
You cannot fit into any form of body armour.
You are cold-blooded and may be slowed by cold attacks.


Message History

You hit the worm.
You kill the worm!
Your magical infusion is running out.
The worm barely misses you.
Items here: ! $ )))))))) ? [[ ††††††† You hit the worm.
The worm is lightly wounded.
The worm bites you.
* * * LOW HITPOINT WARNING * * *
You hit the worm but do no damage.
The worm is lightly wounded.
You hit the worm.
The worm is moderately wounded.
The worm bites you!
* * * LOW HITPOINT WARNING * * *
You hit the worm.
The worm is heavily wounded.
You are no longer magically infusing your attacks.
The worm bites you.
You die...

,,,,,,.......*#.######
,,,,,,.......*#......#
,,≈,,≈.......#######.#
,,,,,,...g...'..## #.#
,,,,,,.......'...# #.#
,,≈,,≈.......#...# #.#
,,,,,,.......#...# #.#
,,,,,,.......#..w# #.#
,,,,,,......####@# #.#
,,,,,,.....##.##.# #.#
,,,,,,....##....)# #.#
,,,,,,...#*##.#### #.###
,,,,,,,,** #....###...#
####**#### #.##.#...#.#
...####..####........#.#
.....................#.#
...####.####!....)..##.#


You could see a worm.

Vanquished Creatures
  Robin (D:2)
  An adder (D:2)
  3 oozes
  A worm (D:2)
  A dart slug (D:2)
  A leopard gecko (D:2)
  3 ball pythons
  2 giant cockroaches
  13 goblins
  7 hobgoblins
  A quokka (D:2)
  3 bats
  2 frilled lizards
  A rat (D:2)
40 creatures vanquished.

Notes
Turn   | Place    | Note
-------+----------+-------------------------------------------
     0 | D:1      | digijack the Draconian Skald began the quest for the Orb.
     0 | D:1      | Reached XP level 1. HP: 17/17 MP: 3/3
   516 | D:1      | Reached XP level 2. HP: 25/25 MP: 1/5
   672 | D:1      | Learned a level 2 spell: Shroud of Golubria
  1280 | D:2      | Reached XP level 3. HP: 30/30 MP: 0/6
  1452 | D:2      | Found a transporter.
  1452 | D:2      | Found a transporter.
  1454 | D:2      | Noticed an orc warrior
  1456 | D:2      | Found a snail-covered altar of Cheibriados.
  1546 | D:2      | Learned a level 1 spell: Beastly Appendage
  1599 | D:2      | Found a sacrificial altar of Ru.
  1600 | D:2      | Found a deep blue altar of Sif Muna.
  1712 | D:2      | Reached skill level 3 in Charms
  1713 | D:2      | Noticed Robin
  1742 | D:2      | Killed Robin
  1742 | D:2      | Reached XP level 4. HP: 14/37 MP: 1/7
  1763 | D:2      | Slain by a worm

Skill      XL: |  1  2  3 |
---------------+----------+-----
Charms         | 3 |  3.1
Fighting       | |  2.8
Long Blades    | |  2.6
Dodging        | |  2.4
Spellcasting   | |  2.4
Translocations | |  0.7
Transmutations | |  0.6

Action                   |  1- 3 |  4- 6 || total
-------------------------+-------+-------++-------
Melee: Falchion          |    82 |    19 ||   101
       Tailslap          |    14 |     2 ||    16
       Kick              |     2 |       ||     2
 Cast: Infusion          |    15 |     1 ||    16
       Shroud of Golubri |     1 |       ||     1
       Beastly Appendage |     1 |       ||     1
  Use: Scroll            |     6 |       ||     6
       Potion            |     1 |       ||     1
 Stab: Distracted        |     1 |       ||     1
  Eat: Chunk             |     3 |       ||     3
Armor: Skin              |    27 |     1 ||    28
Dodge: Dodged            |    63 |    10 ||    73
       Rpst.: Falchion   |    15 |     2 ||    17
